 Dungeon Crawl Stone Soup version 0.22.0-38-g04b72b8 (webtiles) character file.

287 Greyaxe the Skirmisher (level 6, -8/52 HPs)
             Began as a Draconian Fighter on Aug 30, 2018.
             Was an Initiate of Dithmenos.
             Mangled by an ogre
             ... wielding a +0 giant club
              (16 damage)
             ... on level 4 of the Dungeon.
             The game lasted 00:08:57 (3298 turns).

Greyaxe the Skirmisher (Draconian Fighter)          Turns: 3298, Time: 00:08:57

Health: -8/52      AC:  7    Str: 20    XL:     6   Next: 8%
Magic:  6/6        EV: 12    Int:  8    God:    Dithmenos [......]
Gold:   139        SH: 10    Dex: 16    Spells: 5/5 levels left

rFire    . . .     SeeInvis .   a - +1 rapier
rCold    . . .     Gourm    .   b - +0 shield
rNeg     . . .     Faith    .   (armour unavailable)
rPois    .         Spirit   .   (helmet restricted)
rElec    .         Reflect  .   (no cloak)
rCorr    .         Harm     .   e - +0 pair of gloves
MR       .....                  (no boots)
Stlth    ++........             g - amulet of rage
HPRegen  0.17/turn              h - +5 ring of dexterity
MPRegen  0.10/turn              (no ring)

@: no status effects
A: unfitting armour, cold-blooded, AC +6
a: Renounce Religion, Evoke Berserk Rage


You were on level 4 of the Dungeon.
You worshipped Dithmenos.
Dithmenos was noncommittal.
You were not hungry.

You visited 1 branch of the dungeon, and saw 4 of its levels.

You collected 139 gold pieces.

Inventory:

Hand Weapons
 a - a +1 rapier (weapon)
Armour
 b - a +0 shield (worn)
 e - a +0 pair of gloves (worn)
Jewellery
 g - an amulet of rage (around neck)
 h - a +5 ring of dexterity (left hand)
Wands
 j - a wand of flame (21)
Scrolls
 i - 5 scrolls of remove curse
 m - a scroll of amnesia
 o - a scroll of identify
Potions
 c - a potion of might
 f - 2 potions of degeneration
 k - a potion of berserk rage {unknown}
 l - a potion of agility {unknown}
 n - a potion of curing {unknown}
 p - 2 potions of heal wounds {unknown}


   Skills:
 + Level 4.1 Fighting
 + Level 3.8 Short Blades
 + Level 3.4 Dodging
 * Level 2.4 Stealth
 + Level 4.0 Shields


You had 5 spell levels left.
You didn't know any spells.
Your spell library was empty.

Dungeon Overview and Level Annotations

Branches:
Dungeon (4/15)
 Temple: D:4-7

Altars:
Dithmenos
Hepliaklqana
Uskayaw

Shops:
D:4 *


Innate Abilities, Weirdness & Mutations

Your plain brown scales are hard. (AC +6)
You cannot fit into any form of body armour.
You are cold-blooded and may be slowed by cold attacks.


Message History

You puncture the ogre!
The ogre is moderately wounded.
A scorpion comes into view.
The frilled lizard bites you but does no damage.
You barely miss the ogre.
The ogre is moderately wounded.
The ogre hits you with a giant club!!
* * * LOW HITPOINT WARNING * * *
The frilled lizard barely misses you.
You hit the ogre.
You tail-slap the ogre, but do no damage.
The ogre is heavily wounded.
The ogre hits you with a giant club!
* * * LOW HITPOINT WARNING * * *
You block the frilled lizard's attack.
You hit the ogre but do no damage. You tail-slap the ogre.
The ogre is heavily wounded.
An orc comes into view. It is wielding a dagger.
The frilled lizard closely misses you. The ogre hits you with a giant club!
You die...

.. ..# . #.
.##..# #. #.
..... #.. #. ...
#.##.####.##.###
...>...<......$
##..###s#######
#..#...#
#..@..##
.......Ol.+
8.8.8.....#
..........#
....$.#...#
.!....#..$#
_)....#...#
o%....#∩..#


You could see an ogre, a scorpion, an orc (wandering) and a frilled lizard.

Vanquished Creatures
  An ogre (D:3)
  An orc wizard (D:3)
  Natasha (D:3)
  Terence (D:2)
  5 adders (D:3)
  3 oozes
  2 worms (D:3)
  4 dart slugs
  2 leopard geckos
  4 orcs (D:3)
  8 bats
  5 giant cockroaches
  5 goblins
  5 hobgoblins
  2 quokkas
  2 ball pythons
  7 frilled lizards
  8 kobolds
  4 rats
70 creatures vanquished.

Notes
Turn   | Place    | Note
-------+----------+-------------------------------------------
     0 | D:1      | Greyaxe the Draconian Fighter began the quest for the Orb.
     0 | D:1      | Reached XP level 1. HP: 19/19 MP: 1/1
    96 | D:1      | Reached XP level 2. HP: 23/26 MP: 2/2
   799 | D:1      | Reached XP level 3. HP: 28/33 MP: 3/3
  1393 | D:2      | Noticed Terence
  1413 | D:2      | Killed Terence
  1413 | D:2      | Reached skill level 1 in Stealth
  1737 | D:2      | Reached XP level 4. HP: 39/40 MP: 4/4
  2217 | D:3      | Found a shadowy altar of Dithmenos.
  2479 | D:3      | Became a worshipper of Dithmenos the Shadowed
  2494 | D:3      | Found a hazy altar of Hepliaklqana.
  2512 | D:3      | Noticed an ogre
  2518 | D:3      | Killed an ogre
  2518 | D:3      | Reached XP level 5. HP: 28/46 MP: 5/5
  2734 | D:3      | Noticed Natasha
  2741 | D:3      | Killed Natasha
  2907 | D:3      | Reached XP level 6. HP: 48/52 MP: 6/6
  3291 | D:4      | Found Jiyx's Assorted Antiques.
  3292 | D:4      | Found a hide-covered altar of Uskayaw.
  3298 | D:4      | Mangled by an ogre

Skill      XL: |  1  2  3  4  5  6 |
---------------+-------------------+-----
Dodging        | 3 |  3.4
Stealth        | 1 2 |  2.4
Fighting       | 4 |  4.1
Short Blades   | 3 |  3.8
Shields        | 4 |  4.0

Action                   |  1- 3 |  4- 6 || total
-------------------------+-------+-------++-------
Melee: Rapier            |    85 |   112 ||   197
       Tailslap          |     8 |    16 ||    24
  Use: Scroll            |     5 |     1 ||     6
 Stab: Sleeping          |     1 |     4 ||     5
       Distracted        |       |     1 ||     1
  Eat: Ration            |     1 |     2 ||     3
Armor: Skin              |    30 |    24 ||    54
Dodge: Dodged            |    41 |    38 ||    79
Block: Shield            |    52 |    71 ||   123
